AoeStats
← Fireworks

Oasis

507785698Analyzed
4v4 RM · 14d ago on Sep 19, 2026· 37m 49s· 8 players
Game mode
Random Map
Map size
Large (8 player)
Population
200
Speed
Normal
Resources
Standard
Victory
Conquest
Starting age
Dark Age
Ending age
Imperial Age
RankedLock teamsTeams togetherTeam positionsShared explorationLock speedFull tech treeHidden civsTurbo modeCheats
Victory
Defeat
🇮🇹 Saracens · Italy
1455
+17
🇹🇷 Poles · Türkiye
1436
+18
1411
+19
🇪🇸 Magyars · Spain
1376
+20
🇨🇳 Saracens · China
1553
-23
🇨🇳 Franks · China
1496
-19
🇨🇳 Magyars · China
1468
-18
🇨🇳 Ethiopians · China
1361
-14
KIRA
6:04 Loom
8:44 Feudal Age
12:55 Scale Barding Armor
17:56 Bloodlines
21:33 Double-Bit Axe
26:00 Castle Age
24:20 Horse Collar
25:17 Gold Mining
27:11 Chain Barding Armor
27:31 Husbandry
34:57 Gold Shaft Mining
csknahmet27
2:36 Loom
10:35 Feudal Age
16:06 Scale Barding Armor
16:12 Forging
24:56 Castle Age
22:55 Double-Bit Axe
23:49 Bloodlines
27:36 Husbandry
28:00 Chain Barding Armor
28:15 Iron Casting
28:41 Szlachta Privileges
28:37 Gold Mining
28:31 Horse Collar
HSL | LuxRay
6:03 Loom
8:39 Feudal Age
11:40 Fletching
15:38 Padded Archer Armor
20:13 Wheelbarrow
22:06 Castle Age
20:18 Double-Bit Axe
21:03 Gold Mining
23:31 Bodkin Arrow
22:59 Crossbowman
24:08 Bow Saw
26:13 Ballistics
26:54 Horse Collar
28:28 Leather Archer Armor
29:38 Thumb Ring
34:53 Hand Cart
34:42 Heavy Plow
37:30 Town Watch
40:24 Imperial Age
37:47 Stone Mining
Ares_Hong Bang- Trieu Dynasty
0:28 Loom
9:15 Feudal Age
13:29 Fletching
21:25 Padded Archer Armor
27:23 Castle Age
25:49 Double-Bit Axe
26:24 Horse Collar
27:29 Crossbowman
27:42 Crossbowman
28:21 Bodkin Arrow
32:21 Wheelbarrow
赶脚的柠檬头
5:01 Loom
9:20 Feudal Age
10:47 Double-Bit Axe
16:38 Scale Barding Armor
17:39 Forging
24:08 Castle Age
24:51 Husbandry
25:18 Chain Barding Armor
26:33 Wheelbarrow
27:25 Iron Casting
32:06 Bow Saw
06老玩家回归
8:52 Feudal Age
9:23 Double-Bit Axe
10:17 Horse Collar
13:38 Loom
14:58 Scale Barding Armor
20:40 Bloodlines
22:17 Wheelbarrow
26:27 Castle Age
24:59 Gold Mining
26:28 Light Cavalry
27:27 Bow Saw
27:48 Chain Barding Armor
27:39 Husbandry
93老玩家回归
9:23 Feudal Age
13:05 Fletching
16:31 Padded Archer Armor
17:10 Loom
20:43 Double-Bit Axe
20:43 Horse Collar
20:55 Gold Mining
26:18 Castle Age
27:22 Stone Mining
28:18 Bodkin Arrow
28:39 Leather Archer Armor
28:10 Crossbowman
Fireworks
6:27 Loom
9:33 Feudal Age
13:22 Fletching
15:45 Padded Archer Armor
29:28 Castle Age
28:46 Double-Bit Axe
29:35 Crossbowman
30:13 Bodkin Arrow
37:01 Thumb Ring
Connection lost

Rejoining the realm…

Still unreachable

The connection could not be restored.

Session expired

The server has moved on; the page needs a fresh start.